 Dungeon Crawl Stone Soup version 0.19-a0-1260-gc94d3f7 (webtiles) character file.

2143 Amnesiac the Destroyer (level 9, 0/45 HPs)
             Began as a Deep Elf Wizard on Aug 28, 2016.
             Was a Believer of Sif Muna.
             Slain by a two-headed hydra (12 damage)
             ... on level 8 of the Dungeon.
             The game lasted 00:07:53 (3701 turns).

Amnesiac the Destroyer (Deep Elf Wizard)            Turns: 3701, Time: 00:07:54

Health: 0/45       AC:  5    Str:  4    XL:     9   Next: 9%
Magic:  24/24      EV: 13    Int: 27    God:    Sif Muna [**....]
Gold:   179        SH:  0    Dex: 13    Spells: 5 memorised, 15 levels left

rFire  . . .     SeeInvis .     C - +0 falchion (flame)
rCold  . . .     Gourm    .     a - +0 robe
rNeg   . . .     Faith    .     (no shield)
rPois  .         Spirit   .     n - +1 hat
rElec  .         Dismiss  .     (no cloak)
rCorr  .         Reflect  .     (no gloves)
MR     .....     Harm     .     (no boots)
Stlth  +++.......               f - amulet of magic regeneration
                                b - +2 ring of protection
                                y - ring of stealth

@: repel missiles, divine energy
A: no striking features
a: Stop Divine Energy, Renounce Religion


You were on level 8 of the Dungeon.
You worshipped Sif Muna.
Sif Muna was pleased with you.
You were not hungry.

You visited 2 branches of the dungeon, and saw 9 of its levels.

You collected 179 gold pieces.

Inventory:

Hand Weapons
 o - a +0 hand axe of electrocution
 C - a +0 falchion of flaming (weapon)
Armour
 a - a +0 robe (worn)
 n - a +1 hat (worn)
Jewellery
 b - a +2 ring of protection (right hand)
 f - an amulet of magic regeneration (around neck)
 t - an uncursed ring of protection from magic
 y - a ring of stealth (left hand)
Scrolls
 e - 2 scrolls of amnesia
 i - 5 scrolls of teleportation {unknown}
 j - 2 scrolls of identify {unknown}
 q - a scroll of remove curse {unknown}
 r - 2 scrolls of fog {unknown}
 s - a scroll of brand weapon {unknown}
 x - a scroll of magic mapping {unknown}
 B - a scroll of blinking {unknown}
Potions
 g - a potion of magic {unknown}
 h - 2 potions of might {unknown}
 l - a potion of flight {unknown}
 m - a potion of lignification {unknown}
 p - 2 potions of haste {unknown}
 u - a potion of resistance {unknown}
 w - 2 potions of curing {unknown}
 z - a potion of brilliance {unknown}
Comestibles
 c - 3 chunks of flesh
 d - 4 bread rations
 k - 2 meat rations
 v - 8 slices of pizza
 A - 12 fruits


   Skills:
 - Level 2.4 Dodging
 - Level 2.4 Stealth
 + Level 9.3 Spellcasting
 * Level 11.1 Conjurations
   Level 1.1 Summonings
 - Level 1.1 Translocations


You had 15 spell levels left.
You knew the following spells:

 Your Spells              Type           Power        Failure   Level  Hunger
a - Repel Missiles        Chrm/Air       ##....       10%         2    None
b - Blink                 Tloc           N/A          6%          2    None
e - Mephitic Cloud        Conj/Pois/Air  ####....     2%          3    None
s - Conjure Flame         Conj/Fire      #####...     1%          3    None
z - Magic Dart            Conj           ####         1%          1    None


Dungeon Overview and Level Annotations

Branches:
Dungeon (8/15)             Temple (1/1) D:5
   Lair: D:8-11

Altars:
Ashenzari
Dithmenos
Elyvilon
Fedhas
Gozag
Hepliaklqana
Qazlal
Sif Muna
Trog
Uskayaw
Vehumet
Xom
Yredelemnul
Zin
The Shining One

Shops:
D:4 !


Message History

A big kobold comes into view.
The big kobold shouts!
The three-headed hydra roars!
The big kobold misses you.
Found a halberd.
There is an open door here.
You slice one of the three-headed hydra's heads off!
The flame cauterises the wound!
You hit the two-headed hydra. You burn the two-headed hydra.
The two-headed hydra is lightly wounded.
The two-headed hydra misses you.
You riposte.
You hit the two-headed hydra. You burn the two-headed hydra.
The two-headed hydra is lightly wounded.
The two-headed hydra bites you. The two-headed hydra bites you! x2
There is an open gate here.
You enter the shallow water.
Moving in this stuff is going to be slow.
The two-headed hydra bites you!
* * * LOW HITPOINT WARNING * * *
The two-headed hydra bites you!
You die...

.......# #.# #########
#......
##########.###.......#
#...... #......#####.#
######. #..###.### #.
#..#.....# ##
#......#.# #......#(#
#......#.# #..#..##@#
#...#####D#### #..
#PP≈.≈.≈.# #P≈..K...#
#≈≈P.....# #P≈≈..P..#
#.≈P.....# #+###'''##
#).#.....#


You could see a two-headed hydra and a big kobold.

Vanquished Creatures
  2 dream sheep (D:8)
  2 yaks (D:8)
  A sky beast (D:6)
  An ogre (D:4)
  A phantom (D:5)
  3 big kobolds (D:8)
  A giant frog (D:5)
  A scorpion (D:6)
  3 wights (D:6)
  3 howler monkeys (D:4)
  2 crimson imps (D:5)
  A centaur zombie (D:8)
  2 hounds
  A giant frog zombie (D:8)
  An orc priest (D:4)
  3 giant frog skeletons
  A gnoll shaman (D:5)
  2 iguanas
  3 orc wizards
  A worker ant (D:6)
  2 hound skeletons
  A howler monkey skeleton (D:8)
  10 gnolls
  5 adders
  2 oozes
  2 worms
  2 giant geckos
  6 orcs
  2 bats (D:2)
  3 giant cockroaches
  4 kobolds (D:8)
  2 quokkas (D:5)
  2 giant gecko zombies (D:5)
  A giant newt (D:4)
  2 goblins
  A quokka skeleton (D:5)
82 creatures vanquished.

Notes
Turn   | Place    | Note
-------+----------+-------------------------------------------
     0 | D:1      | Amnesiac the Deep Elf Wizard began the quest for the Orb.
     0 | D:1      | Reached XP level 1. HP: 10/10 MP: 7/7
   109 | D:2      | Reached skill level 2 in Conjurations
   109 | D:2      | Reached XP level 2. HP: 15/15 MP: 1/9
   116 | D:2      | Learned a level 2 spell: Repel Missiles
   357 | D:2      | Reached skill level 3 in Conjurations
   357 | D:2      | Reached XP level 3. HP: 16/19 MP: 6/11
   362 | D:2      | Learned a level 3 spell: Mephitic Cloud
   365 | D:2      | Learned a level 2 spell: Blink
   369 | D:2      | Learned a level 3 spell: Conjure Flame
   561 | D:4      | Reached skill level 4 in Conjurations
   561 | D:4      | Reached XP level 4. HP: 24/24 MP: 5/12
   583 | D:4      | Noticed an ogre
   637 | D:4      | Killed an ogre
   637 | D:4      | Reached skill level 5 in Conjurations
   637 | D:4      | Reached XP level 5. HP: 28/28 MP: 2/13
   963 | D:4      | Reached skill level 5 in Spellcasting
   963 | D:4      | Reached skill level 6 in Conjurations
   966 | D:4      | Reached XP level 6. HP: 32/32 MP: 6/15
  1187 | D:4      | Found Xinocipt's Distillery.
  1425 | D:4      | Reached skill level 7 in Conjurations
  1429 | D:4      | Found a glowing golden altar of the Shining One.
  1665 | D:5      | Entered Level 5 of the Dungeon
  1750 | D:5      | Reached XP level 7. HP: 23/36 MP: 9/18
  1755 | D:5      | Found a staircase to the Ecumenical Temple.
  1784 | Temple   | Entered the Ecumenical Temple
  1848 | Temple   | Became a worshipper of Sif Muna the Loreminder
  2199 | D:5      | Reached skill level 8 in Conjurations
  2501 | D:6      | Reached * piety under Sif Muna
  2652 | D:6      | Reached skill level 9 in Conjurations
  2652 | D:6      | Reached XP level 8. HP: 14/41 MP: 17/21
  2759 | D:6      | Found a glowing silver altar of Zin.
  3533 | D:8      | Noticed a dream sheep
  3534 | D:8      | Noticed a dream sheep
  3542 | D:8      | Reached skill level 10 in Conjurations
  3544 | D:8      | Killed a dream sheep
  3544 | D:8      | Reached ** piety under Sif Muna
  3566 | D:8      | Killed a dream sheep
  3566 | D:8      | Reached skill level 11 in Conjurations
  3566 | D:8      | Reached XP level 9. HP: 28/45 MP: 4/24
  3690 | D:8      | Noticed a three-headed hydra
  3701 | D:8      | Slain by a two-headed hydra

Vault maps used:
D:1:      scummos_arrival_simple_fountains
D:2:      okawaru_metal_pillars_1_2, nicolae_overflow_crystal_walls,
          uniq_terence, uniq_iyjb
D:3:      kiku_gazebo_pond_becter, nicolae_overflow_hidden_temple, first_bread,
          corner_web_ring, uniq_grinder
D:4:      tso_oasis_becter, serial_shops, shop_fountains
D:6:      basic_altar, nrook_pool_corridor
D:7:      serial_shops, kennysheep_mini, shop, nicolae_shop_overgrown_old_shop,
          kennysheep_mini_moat, shop_fountains, serial_bayou,
          serial_bayou_ford_a, serial_bayou_pond_e, serial_bayou_shore_b,
          serial_bayou_pond_e, serial_bayou_lagoon_a
D:8:      nemelex_altar_shiori, hangedman_ranch
Temple:   eino_temple_water

Skill      XL: |  1  2  3  4  5  6  7  8 |
---------------+-------------------------+-----
Conjurations   | 2 3 4 5 6 7 9 11 | 11.1
Spellcasting   | 5 6 7 9 |  9.3
Dodging        | |  2.4
Stealth        | |  2.4
Summonings     | |  1.1
Translocations | |  1.1

Action                   |  1- 3 |  4- 6 |  7- 9 || total
-------------------------+-------+-------+-------++-------
Melee: Hand axe          |       |     4 |    43 ||    47
       Falchion          |       |       |     2 ||     2
 Cast: Magic Dart        |    49 |    85 |   179 ||   313
       Repel Missiles    |     1 |       |       ||     1
       Mephitic Cloud    |     1 |     3 |     7 ||    11
       Conjure Flame     |       |     3 |    11 ||    14
       Blink             |       |     1 |     3 ||     4
Invok: Divine Energy     |       |       |     1 ||     1
  Use: Scroll            |       |     3 |       ||     3
  Eat: Chunk             |       |     2 |     7 ||     9
Armor: Robe              |     4 |     2 |     7 ||    13
Dodge: Dodged            |     7 |     8 |    38 ||    53
